AoeStats
← Jumpshot

Oasis

510088914Analyzed
2v2 RM · 2d ago on Sep 29, 2026· 66m 55s· 4 players
Game mode
Random Map
Map size
Medium (4 player)
Population
200
Speed
Normal
Resources
Standard
Victory
Conquest
Starting age
Dark Age
Ending age
Imperial Age
RankedLock teamsTeams togetherTeam positionsShared explorationLock speedFull tech treeHidden civsTurbo modeCheats
Victory
Defeat
🇮🇪 Spanish · Ireland
725
+11
🇳🇱 Georgians · Netherlands
712
+12
🇧🇷 Romans · Brazil
626
-12
🇻🇳 Spanish · Vietnam
608
-11
Jumpshot
1:45 Loom
10:22 Feudal Age
11:14 Double-Bit Axe
12:10 Wheelbarrow
12:37 Horse Collar
24:35 Castle Age
22:17 Man-at-Arms
26:00 Heavy Plow
26:13 Bow Saw
25:59 Fletching
27:46 Caravan
28:28 Hand Cart
29:19 Long Swordsman
31:45 Squires
34:20 Ballistas
34:38 Ballistics
35:01 Gold Mining
35:11 Bodkin Arrow
40:39 Imperial Age
38:35 Town Watch
40:57 Legionary
41:15 Heavy Scorpion
42:14 Forging
42:06 Scale Mail Armor
46:12 Chemistry
46:38 Comitatenses
45:44 Cavalier
46:25 Husbandry
46:37 Bloodlines
46:07 Capped Ram
47:22 Town Patrol
48:02 Iron Casting
47:45 Chain Mail Armor
52:52 Stone Mining
53:40 Gold Shaft Mining
55:57 Crop Rotation
56:57 Pikeman
57:06 Siege Ram
58:55 Halberdier
Dragon D. Barola
11:40 Feudal Age
9:58 Loom
11:43 Feudal Age
13:23 Double-Bit Axe
13:13 Man-at-Arms
14:30 Gold Mining
14:31 Stone Mining
16:08 Horse Collar
22:38 Wheelbarrow
21:49 Town Watch
25:03 Castle Age
28:36 Caravan
28:30 Pikeman
28:30 Long Swordsman
29:04 Fletching
29:15 Padded Archer Armor
31:12 Bow Saw
36:00 Stone Shaft Mining
35:52 Redemption
36:19 Guard Tower
36:40 Fortified Wall
36:51 Ballistics
39:04 Imperial Age
36:37 Town Patrol
37:35 Light Cavalry
38:26 Bloodlines
38:16 Husbandry
38:33 Forging
38:23 Scale Mail Armor
38:28 Scale Barding Armor
38:19 Bodkin Arrow
38:39 Leather Archer Armor
39:49 Elite Skirmisher
39:49 Heavy Mounted Crossbowman
40:34 Thumb Ring
41:29 Hand Cart
41:04 Cavalier
43:40 Fervor
43:46 Block Printing
43:22 Halberdier
43:24 Two-Handed Swordsman
43:50 Gambesons
44:05 Squires
43:51 Arson
44:44 Iron Casting
44:24 Chain Mail Armor
44:30 Chain Barding Armor
44:10 Bracer
44:41 Ring Archer Armor
45:51 Two-Man Saw
44:49 Champion
45:59 Masonry
47:34 Illumination
47:37 Conscription
48:35 Blast Furnace
48:15 Plate Mail Armor
48:20 Plate Barding Armor
47:46 Bracer
48:55 Paladin
51:54 Chemistry
51:30 Keep
50:52 Murder Holes
52:07 Elite Conquistador
54:10 Guilds
54:20 Inquisition
54:41 Supremacy
55:07 Hoardings
54:04 Sappers
58:36 Bombard Tower
58:03 Arrowslits
58:49 Architecture
Hello kitty
0:30 Loom
14:05 Feudal Age
14:37 Double-Bit Axe
14:55 Town Watch
15:46 Wheelbarrow
15:39 Horse Collar
21:57 Castle Age
20:02 Stone Mining
20:02 Gold Mining
22:07 Forging
22:39 Gold Mining
23:08 Town Patrol
24:10 Bow Saw
27:04 Stone Shaft Mining
26:38 Heavy Plow
27:50 Iron Casting
27:15 Scale Mail Armor
27:21 Scale Barding Armor
27:16 Padded Archer Armor
27:08 Fletching
28:15 Husbandry
28:25 Bloodlines
31:52 Chain Mail Armor
31:57 Chain Barding Armor
31:34 Bodkin Arrow
32:57 Caravan
37:49 Imperial Age
35:55 Fervor
38:30 Leather Archer Armor
39:17 Ballistics
38:47 Guard Tower
39:09 Masonry
40:26 Elite Monaspa
41:58 Svan Towers
42:14 Conscription
43:04 Aznauri Cavalry
43:43 Chain Barding Armor
43:29 Onager
45:19 Hoardings
44:14 Sappers
48:09 Chemistry
47:23 Siege Engineers
47:06 Arrowslits
47:56 Keep
47:52 Architecture
48:15 Siege Onager
52:25 Plate Barding Armor
52:20 Plate Mail Armor
52:04 Bracer
53:04 Blast Furnace
63:25 Redemption
Lance
2:22 Loom
11:25 Feudal Age
12:37 Double-Bit Axe
13:38 Horse Collar
16:42 Wheelbarrow
16:29 Town Watch
18:13 Gold Mining
22:01 Castle Age
19:52 Man-at-Arms
21:59 Scale Mail Armor
22:09 Forging
22:13 Bloodlines
23:33 Squires
24:01 Gambesons
24:26 Husbandry
24:25 Long Swordsman
27:28 Stone Mining
28:14 Hand Cart
28:24 Bow Saw
31:27 Stone Shaft Mining
30:54 Heavy Plow
33:04 Arson
32:40 Pikeman
33:37 Town Patrol
41:24 Imperial Age
41:00 Iron Casting
40:40 Chain Mail Armor
40:31 Scale Barding Armor
40:17 Fletching
40:28 Padded Archer Armor
42:36 Ballistics
43:16 Chemistry
42:27 Masonry
42:14 Murder Holes
42:32 Fortified Wall
42:51 Conscription
43:21 Caravan
44:06 Onager
46:22 Supremacy
47:33 Two-Man Saw
47:06 Guard Tower
47:48 Architecture
47:02 Elite Conquistador
48:55 Two-Handed Swordsman
50:05 Bodkin Arrow
50:25 Leather Archer Armor
50:50 Keep
51:49 Hoardings
54:16 Cavalier
55:52 Bracer
56:23 Ring Archer Armor
58:12 Supremacy
57:53 Inquisition
65:01 Ring Archer Armor
64:52 Chain Barding Armor
65:02 Plate Mail Armor
65:32 Blast Furnace
64:56 Bombard Tower
64:21 Arrowslits
Connection lost

Rejoining the realm…

Still unreachable

The connection could not be restored.

Session expired

The server has moved on; the page needs a fresh start.